 Dungeon Crawl Stone Soup version 0.29.1-12-g30fa7ad0bf (webtiles) character file.

Game seed: 8514481134904344199

179 FaviusArthum the Grave Robber (level 5, -1/28 HPs)
             Began as a Deep Elf Necromancer on Jan 10, 2023.
             Slain by a nameless horror (3 damage)
             ... created by miscasting Call Canine Familiar
             ... on level 3 of the Dungeon.
             The game lasted 00:18:16 (5707 turns).

FaviusArthum the Grave Robber (DENe)                Turns: 5707, Time: 00:18:17

Health: -1/28      AC:  3    Str:  5    XL:     5   Next: 32%
Magic:  2/14       EV: 13    Int: 22    God:
Gold:   135        SH:  0    Dex: 15    Spells: 7/14 levels left

rFire   . . .      SeeInvis .   x - +1 hand axe (freeze)
rCold   . . .      Faith    .   (no shield)
rNeg    . . .      Spirit   .   a - +0 robe
rPois   .          Reflect  .   (no helmet)
rElec   .          Harm     .   i - +0 cloak
rCorr   .          Rampage  .   (no gloves)
Will    .....                   (no boots)
Stlth   ++........              (no amulet)
HPRegen 0.09/turn               s - ring of flight
MPRegen 0.14/turn               (no ring)

@: flying
A: no striking features
a: no special abilities


You were on level 3 of the Dungeon.
You visited 1 branch of the dungeon, and saw 4 of its levels.

You collected 135 gold pieces.

Inventory:

Hand Weapons
 c - a +0 club
 g - a +0 dagger
 r - a +0 war axe
 v - a +0 hand axe
 x - a +1 hand axe of freezing (weapon)
Armour
 a - a +0 robe (worn)
 i - a +0 cloak (worn)
Magical Staves
 q - a staff of conjuration
Jewellery
 p - an amulet of reflection
 s - a ring of flight (left hand)
Scrolls
 d - a scroll of silence
 e - a scroll of immolation {unknown}
 f - a scroll of teleportation {unknown}
 l - 2 scrolls of identify
 m - a scroll of enchant weapon {unknown}
 n - a scroll of blinking {unknown}
 o - 3 scrolls of vulnerability {unknown}
 t - a scroll of fog {unknown}
Potions
 b - 2 potions of magic
 h - a potion of curing
 j - a potion of lignification {unknown}
 k - a potion of heal wounds {unknown}
 u - a potion of brilliance {unknown}
 w - a potion of cancellation {unknown}


   Skills:
 + Level 0.1 Fighting
 + Level 0.1 Short Blades
 + Level 0.2 Axes
 + Level 2.7 Dodging
 + Level 3.1 Stealth
 + Level 5.1 Spellcasting
 + Level 6.5 Necromancy


You had 7 spell levels left.
You knew the following spells:

 Your Spells              Type           Power      Damage    Failure   Level
a - Necrotise             Necr           100%       1d9       1%          1
b - Vampiric Draining     Necr           34%        2d8       1%          3
c - Call Canine Familiar  Summ           5%         N/A       30%         3

Your spell library contained the following spells:

 Spells                   Type           Power      Damage    Failure   Level
 Animate Dead             Necr           34%        N/A       7%          4
 Agony                    Necr           34%        N/A       19%         5
 Portal Projectile        Hex/Tloc       10%        N/A       30%         3
 Hailstorm                Conj/Ice       5%         3d4       69%         4
 Ice Form                 Ice/Tmut       5%         N/A       69%         4
 Leda's Liquefaction      Hex/Erth       2%         N/A       69%         4
 Simulacrum               Ice/Necr       9%         N/A       99%         6


Dungeon Overview and Level Annotations

Branches:
Dungeon (4/15)
 Temple: D:4-7

Altars:
Sif Muna

Annotations:
D:4 Grinder


Message History

The nameless horror closely misses you.
The nameless horror attacks as you move away!
The nameless horror hits you.
You feel your power leaking away.
There is a stone staircase leading up here.
The nameless horror hits you but does no damage.
You fly upwards.
There is a stone staircase leading down here.
The nameless horror attacks as you move away!
The nameless horror hits you.
You feel your power leaking away.
The nameless horror attacks as you move away!
The nameless horror closely misses you.
The nameless horror attacks as you move away!
The nameless horror barely misses you.
The nameless horror attacks as you move away!
The nameless horror hits you but does no damage.
You completely miss the nameless horror.
The nameless horror closely misses you.
You hit the nameless horror. You freeze the nameless horror.
The nameless horror is moderately damaged.
The nameless horror hits you.
* * * LOW HITPOINT WARNING * * *
You feel your power leaking away.
You hit the nameless horror but do no damage.
The nameless horror is moderately damaged.
The nameless horror misses you.
You hit the nameless horror. You freeze the nameless horror.
The nameless horror is heavily damaged.
The nameless horror hits you.
* * * LOW HITPOINT WARNING * * *
You feel your power leaking away. The nameless horror closely misses you.
You hit the nameless horror but do no damage.
The nameless horror is heavily damaged.
The nameless horror barely misses you.
You hit the nameless horror but do no damage.
The nameless horror is heavily damaged.
The nameless horror hits you.
You die...

..######.#####..##.######.#
.............#...........<#
...#####.###.#......#######
....................#
...#####.....#####..#
....................#
.#.########.>######.# .#.#
#..# #..).# .#.########..#
#@##.# .#...........#
#X##.# .##########.##
#.##.# ....# ##.####.##.#
###.# #).........# #.#
#.....#.#### #.# #.###.#.#
###.######.# #.#.#
.........#.# #.#.#


You could see a nameless horror.

Vanquished Creatures
  An orc priest (D:4)
  An iguana (D:4)
  An orc wizard (D:4)
  A gnoll (D:1)
  3 adders (D:2)
  2 worms
  A dart slug (D:1)
  2 orcs (D:4)
  3 ball pythons
  4 bats
  4 endoplasms
  3 giant cockroaches
  3 goblins
  4 hobgoblins
  4 jackals (D:4)
  3 quokkas
  A frilled lizard (D:2)
  3 kobolds
  2 rats
46 creatures vanquished.

Vanquished Creatures (collateral kills)
  An ufetubus (D:4)
  An endoplasm (D:2)
2 creatures vanquished.

Vanquished Creatures (others)
  A plant (D:2)
1 creature vanquished.

Grand Total: 49 creatures vanquished

Notes
Turn   | Place    | Note
-------+----------+-------------------------------------------
     0 | D:1      | FaviusArthum the Deep Elf Necromancer began the quest for
                  | the Orb.
     0 | D:1      | Reached XP level 1. HP: 10/10 MP: 6/6
    38 | D:1      | Reached skill level 5 in Necromancy
    46 | D:1      | Reached XP level 2. HP: 15/15 MP: 2/8
  1305 | D:1      | Found a faded altar of an unknown god.
  1406 | D:2      | Reached XP level 3. HP: 19/19 MP: 4/9
  1424 | D:2      | Learned a level 3 spell: Vampiric Draining
  2206 | D:2      | Reached skill level 6 in Necromancy
  2719 | D:2      | Reached XP level 4. HP: 24/24 MP: 9/11
  4765 | D:4      | Learned a level 3 spell: Call Canine Familiar
  4783 | D:4      | Reached XP level 5. HP: 28/28 MP: 5/14
  4810 | D:4      | Reached skill level 5 in Spellcasting
  5492 | D:4      | Noticed Grinder
  5635 | D:4      | Noticed a nameless horror
  5653 | D:4      | Found a shimmering blue altar of Sif Muna.
  5707 | D:3      | Slain by a nameless horror

Illustrated notes

Levels and vault maps discovered:
D:1:      dpeg_arrival_simpleton_a, layout_basic, serial_forest,
          infiniplex_forest_lined_4_way, infiniplex_forest_clump_diagonal,
          infiniplex_forest_lined_2, infiniplex_forest_straight_2,
          infiniplex_forest_lined_room_, shapermc_ecumenical_altar_mp_vishouse,
          bh_walls_and_bars
D:2:      layout_basic, serial_forest, infiniplex_forest_lined_corner,
          infiniplex_forest_lined_corner, infiniplex_forest_straight_4,
          infiniplex_forest_clump_tiny, infiniplex_forest_clump_diagonal,
          infiniplex_forest_lined_4_way, infiniplex_forest_straight_3,
          infiniplex_forest_straight_2, minmay_pentomino_p2
D:3:      layout_loops_ring
D:4:      layout_basic, old_standard_altar, uniq_grinder

Skill      XL: |  1  2  3  4  5 |
---------------+----------------+-----
Necromancy     | 5 6 |  6.5
Stealth        | 3 |  3.1
Spellcasting   | 4 5 |  5.1
Fighting       | |  0.1
Short Blades   | |  0.1
Axes           | |  0.2
Dodging        | |  2.7

Action                   |  1- 3 |  4- 6 || total
-------------------------+-------+-------++-------
Melee: Dagger            |    12 |    11 ||    23
       Club              |     4 |       ||     4
       War axe           |       |    18 ||    18
       Hand axe          |       |     6 ||     6
 Cast: Necrotise         |    54 |    34 ||    88
       Vampiric Draining |       |     5 ||     5
  Use: Potion            |       |     1 ||     1
       Scroll            |       |     1 ||     1
 Stab: Distracted        |     1 |       ||     1
Armor: Robe              |     4 |    20 ||    24
Dodge: Dodged            |    11 |    60 ||    71
